Map: Eternal Empire LE

Players

newborn - Winner!

  • Race: Protoss Protoss
  • League: Silver
  • Spawn Location: 1:00

JohnnyV

  • Race: Terran Terran
  • Spawn Location: 7:00

VOD

Have the link to the VOD?

Description

Time

  • Played on: April 27, 2020, 5:35 a.m.
  • Length: 17:15
Show
View Real Time Build Order
Export as new Build Order

newborn Protoss - Winner!

Build Orders: Colossus Rush 

Get SALT Encoding   

  12  0:01  Probe  
  13  0:14  Pylon  
  13  0:17  Probe  
  14  0:32  Gateway  
  14  0:34  Probe (Chrono Boost)  
  15  0:41  Assimilator  
  15  0:44  Probe (Chrono Boost)  
  15  0:49  Probe (Chrono Boost)  
  17  1:01  Probe (Chrono Boost)  
  17  1:02  Assimilator  
  18  1:13  Probe (Chrono Boost)  
  18  1:17  Pylon  
  19  1:19  Cybernetics Core  
  19  1:20  Probe (Chrono Boost)  
  20  1:30  Probe  
  21  1:42  Probe  
  22  1:55  Stalker  
  22  2:00  Twilight Council  
  24  2:02  Pylon  
  24  2:03  Probe  
  25  2:25  Robotics Facility  
  25  2:34  Charge (Chrono Boost)  
  25  2:45  Nexus  
  25  2:48  Stalker  
  27  2:53  Probe  
  28  3:23  Zealot  
  28  3:25  Observer  
  28  3:26  Probe  
  32  3:45  Pylon  
  32  3:53  Robotics Bay  
  32  3:55  Probe  
  32  4:00  Probe, Assimilator  
  34  4:07  Probe  
  35  4:12  Probe  
  35  4:13  Stargate  
  36  4:20  Probe  
  37  4:29  Probe  
  38  4:32  Probe, Pylon  
  38  4:33  Zealot  
  41  4:41  Probe  
  41  4:42  Colossus  
  41  4:44  Probe  
  49  4:53  Probe  
  49  4:56  Probe, Assimilator  
  49  4:59  Extended Thermal Lance  
  51  5:01  Zealot  
  51  5:05  Probe  
  54  5:08  Probe  
  54  5:12  Phoenix  
  57  5:17  Probe  
  57  5:20  Probe  
  59  5:29  Probe  
  59  5:30  Observer  
  59  5:31  Forge  
  60  5:37  Protoss Air Weapons Level 1  
  60  5:38  Probe  
  60  5:41  Probe  
  60  5:42  Phoenix  
  64  5:58  Immortal  
  64  6:00  Zealot  
  70  6:06  Pylon  
  70  6:11  Pylon  
  70  6:14  Pylon  
  70  6:16  Protoss Ground Weapons Level 1  
  70  6:24  Probe  
  71  6:27  Zealot  
  73  6:38  Immortal  
  73  6:39  Gravitic Boosters  
  77  6:44  Nexus  
  77  6:46  Probe x2  
  79  6:49  Assimilator  
  79  6:54  Zealot  
  79  6:58  Probe  
  79  7:00  Phoenix  
  84  7:02  Assimilator  
  84  7:03  Pylon  
  84  7:11  Pylon  
  84  7:21  Zealot  
  84  7:22  Colossus  
  86  7:25  Probe x2  
  92  7:46  Phoenix  
  94  7:54  Fleet Beacon  
  94  7:55  Probe  
  94  7:56  Probe x2  
  97  8:00  Protoss Air Armor Level 1 (Chrono Boost), Stalker  
  99  8:08  Probe x3  
  102  8:14  Protoss Shields Level 1  
  102  8:30  Zealot  
  104  8:40  Photon Cannon  
  104  8:42  Photon Cannon  
  104  8:49  Immortal  
  104  8:50  Phoenix  
  104  8:51  Anion Pulse-Crystals  
  104  8:55  Observer  
  110  8:57  Zealot  
  110  8:59  Photon Cannon  
  112  9:04  Photon Cannon  
  112  9:05  Photon Cannon  
  112  9:06  Photon Cannon x2  
  112  9:09  Photon Cannon  
  112  9:15  Phoenix  
  114  9:23  Probe  
  115  9:25  Mothership, Sentry  
  125  9:40  Pylon  
  125  9:47  Pylon  
  125  9:55  Unknown  
  125  9:58  Void Ray  
  129  10:00  Pylon  
  129  10:01  Pylon  
  129  10:04  Pylon  
  129  10:09  Stalker  
  129  10:10  Protoss Air Weapons Level 2  
  129  10:11  Immortal  
  135  10:20  Protoss Ground Weapons Level 2 (Chrono Boost)  
  135  10:31  Stargate  
  135  10:39  Zealot  
  135  10:41  Void Ray  
  125  11:05  Immortal  
  125  11:06  Stalker  
  131  11:24  Phoenix  
  133  11:36  Zealot  
  135  11:49  Immortal  
  135  11:50  Void Ray  
  135  11:51  Void Ray  
  147  12:03  Stalker  
  149  12:33  Colossus, Zealot  
  149  12:35  Phoenix x2  
  161  12:46  Protoss Shields Level 2  
  161  12:47  Pylon  
  161  12:51  Pylon  
  161  12:54  Pylon  
  161  13:00  Pylon, Stalker  
  161  13:03  Pylon  
  163  13:11  Shield Battery  
  163  13:13  Shield Battery  
  163  13:14  Photon Cannon  
  163  13:17  Photon Cannon  
  163  13:20  Shield Battery  
  163  13:22  Shield Battery  
  163  13:24  Photon Cannon  
  163  13:28  Shield Battery  
  163  13:30  Zealot, Shield Battery  
  163  13:31  Photon Cannon  
  163  13:32  Photon Cannon  
  165  13:34  Photon Cannon  
  165  13:37  Tempest x2  
  175  13:43  Pylon  
  175  14:00  Nexus  
  175  14:23  Pylon  
  175  14:26  Shield Battery  
  175  14:27  Pylon, Shield Battery  
  175  14:29  Shield Battery  
  175  14:30  Pylon  
  175  14:31  Photon Cannon, Shield Battery  
  175  14:40  Photon Cannon  
  175  14:53  Photon Cannon  
  175  14:55  Photon Cannon  
  175  14:58  Photon Cannon  
  175  15:22  Pylon  
  175  15:43  Photon Cannon  
  175  15:44  Photon Cannon  
  175  15:45  Photon Cannon  
  175  15:46  Photon Cannon  
  175  15:47  Photon Cannon  
  175  15:48  Photon Cannon  
  175  15:53  Shield Battery x2  
  175  15:56  Shield Battery  
  175  15:57  Shield Battery  
  175  15:58  Shield Battery  
  175  16:02  Photon Cannon  
  175  16:04  Pylon  
  175  16:06  Tempest x2  
  185  16:28  Photon Cannon  
  185  16:29  Photon Cannon  
  185  16:30  Photon Cannon  
  185  16:32  Shield Battery  
  185  16:33  Shield Battery  
  185  16:37  Assimilator  
  185  16:40  Assimilator  
Show
View Real Time Build Order
Export as new Build Order

JohnnyV Terran 

Build Orders:  

Get SALT Encoding   

  12  0:02  SCV  
  13  0:18  SCV, Supply Depot  
  14  0:31  SCV  
  15  0:41  Barracks  
  15  0:45  SCV  
  16  0:51  Refinery  
  16  0:57  SCV  
  17  1:10  SCV  
  18  1:22  SCV  
  19  1:29  Marine  
  20  1:34  SCV, Bunker  
  21  1:46  SCV  
  22  1:54  Reaper  
  23  2:05  Command Center  
  23  2:07  Orbital Command  
  23  2:15  Supply Depot  
  23  2:32  Factory  
  23  2:33  Marine  
  23  2:45  Engineering Bay  
  23  2:52  Barracks Reactor  
  23  2:58  SCV  
  24  3:02  Refinery  
  23  3:23  Terran Infantry Armor Level 1  
  23  3:27  Factory Tech Lab  
  23  3:33  Barracks  
  23  3:35  SCV  
  23  3:39  Orbital Command  
  24  3:46  Marine x2  
  26  3:53  Siege Tank  
  29  4:13  SCV x2  
  31  4:18  Marine x2  
  31  4:22  Barracks Reactor  
  33  4:30  Starport  
  33  4:38  Marine x2  
  35  4:47  Siege Tank  
  35  4:50  SCV  
  39  4:54  Refinery  
  39  4:55  Refinery  
  39  4:56  SCV  
  40  5:03  Supply Depot  
  40  5:08  Missile Turret  
  40  5:13  Missile Turret  
  40  5:16  Missile Turret  
  40  5:19  Terran Infantry Weapons Level 1  
  40  5:25  SCV x2  
  40  5:26  Marine  
  44  5:33  Marine  
  45  5:42  Siege Tank  
  47  5:43  Barracks Tech Lab  
  47  5:49  SCV x2  
  49  5:59  Viking  
  49  6:01  SCV, Viking  
  54  6:14  Sensor Tower  
  54  6:29  Supply Depot  
  54  6:43  Combat Shield  
  54  6:51  Marine x2, SCV x2, Medivac x2  
  62  7:02  Supply Depot  
  62  7:23  Marine x2, SCV, Missile Turret, Siege Tank  
  62  7:24  Marauder  
  68  7:43  Marine x2  
  68  7:50  Armory  
  68  7:56  Engineering Bay  
  68  7:58  SCV x2  
  70  8:02  Hi-Sec Auto Tracking  
  70  8:07  Concussive Shells  
  70  8:15  Supply Depot  
  70  8:18  Supply Depot  
  70  8:19  Supply Depot  
  70  8:30  Neosteel Armor  
  70  8:36  Marine x2, SCV x2, Medivac  
  70  8:37  Marauder  
  70  8:39  Medivac  
  80  8:54  Marine x2  
  82  9:08  Missile Turret  
  82  9:09  SCV x2  
  84  9:13  Terran Infantry Armor Level 2  
  84  9:17  Sensor Tower  
  84  9:19  Terran Vehicle And Ship Armor Level 1  
  84  9:35  Marine x2  
  84  9:36  Marine  
  90  9:39  Thor  
  93  9:50  Command Center  
  93  9:53  Marine  
  94  10:07  Supply Depot  
  94  10:09  Terran Infantry Weapons Level 2  
  94  10:10  Supply Depot  
  94  10:13  Viking x2  
  98  10:14  Supply Depot  
  98  10:16  Marine x2  
  98  10:19  Marauder  
  98  10:21  Stimpack  
  102  10:25  Factory  
  102  10:36  Thor  
  84  11:00  Viking x2  
  81  11:16  Terran Vehicle Weapons Level 1  
  81  11:22  Factory Tech Lab  
  81  11:24  Thor  
  87  11:44  Marine x2  
  87  11:45  Marine  
  90  11:59  Thor  
  90  12:00  Viking  
  98  12:02  Marine  
  98  12:05  Orbital Command  
  98  12:06  Thor  
  105  12:36  Viking x2  
  107  12:38  Marauder  
  107  12:39  Marine x2  
  111  12:45  Terran Infantry Armor Level 3  
  111  12:50  Terran Infantry Weapons Level 3  
  111  12:51  Orbital Command  
  111  12:56  Marine  
  112  13:00  Marauder  
  114  13:11  Viking x2  
  118  13:16  Terran Ship Weapons Level 1  
  118  13:18  Marine x2  
  120  13:24  SCV x3  
  123  13:33  Thor  
  115  14:12  Viking x2  
  115  14:15  Thor  
  123  14:20  Refinery  
  123  14:36  Marine x2  
  123  14:37  Marauder  
  127  14:42  Viking  
  129  14:46  Viking, Refinery  
  131  14:55  Smart Servos  
  131  14:58  Marauder  
  133  15:12  Viking  
  135  15:16  Thor  
  135  15:20  Marauder  
  143  15:27  Supply Depot  
  143  15:41  Marauder  
  145  15:43  Marine x2  
  145  15:45  Viking  
  145  15:49  Viking  
  151  15:50  Supply Depot  
  151  15:51  Supply Depot  
  151  15:54  Supply Depot  
  151  16:00  Sensor Tower  
  151  16:02  Marauder  
  153  16:16  Supply Depot  
  153  16:24  Marauder  
  152  16:54  Marine x3  
Tags
 
Add a new tag
Caveats
  • Supply blocks, unpowered buildings, or Contaminate may cause inaccurate times.
  • Supply counts are checked every 10 seconds.